 Dungeon Crawl Stone Soup version 0.27.1-34-g3ba077fa99 (console) character file.

Game seed: 13536799304477725497

653 Banquo the Chopper (level 7, -5/54 HPs)
             Began as a Formicid Fighter on Feb 16, 2022.
             Was a Believer of Trog.
             Slain by a gnoll sergeant (7 damage)
             ... on level 4 of the Dungeon.
             The game lasted 00:12:53 (4921 turns).

Banquo the Chopper (Formicid Fighter)               Turns: 4921, Time: 00:12:53

Health: -5/54      AC:  8    Str: 22    XL:     7   Next: 84%
Magic:  7/7        EV:  9    Int:  8    God:    Trog [**....]
Gold:   142        SH: 10    Dex: 16    Spells: 6/6 levels left

rFire    . . .     SeeInvis +   a - +0 war axe
rCold    . . .     Faith    .   c - +0 kite shield
rNeg     . . .     Spirit   .   f - +0 scale mail
rPois    +         Reflect  .   (helmet unavailable)
rElec    .         Harm     .   (no cloak)
rCorr    .         Rampage  .   g - +0 pair of gloves
Will     .....                  (no boots)
Stlth    ..........             (no amulet)
HPRegen  0.18/turn              P - ring of poison resistance
MPRegen  0.10/turn              n - +6 ring of dexterity

@: no status effects
A: permanent stasis, dig shafts and tunnels, antennae 3, four strong arms
a: Dig, Shaft Self, Renounce Religion, Trog's Hand


You were on level 4 of the Dungeon.
You worshipped Trog.
Trog was pleased with you.
You visited 2 branches of the dungeon, and saw 5 of its levels.

You collected 142 gold pieces.

Inventory:

Hand Weapons
 a - a +0 war axe (weapon)
 b - a +2 whip of electrocution
Missiles
 j - 45 poisoned darts
 m - 104 stones
Armour
 c - a +0 kite shield (worn)
 f - a +0 scale mail (worn)
 g - a +0 pair of gloves (worn)
Jewellery
 n - a +6 ring of dexterity (right hand)
 p - a ring of flight
 P - a ring of poison resistance (left hand)
Scrolls
 l - a scroll of identify
 o - 2 scrolls of noise {unknown}
Potions
 d - a potion of might
 e - a potion of cancellation
 h - 3 potions of curing
 i - a potion of mutation
 k - a potion of brilliance
 q - a potion of lignification {unknown}


   Skills:
 + Level 4.2 Fighting
 * Level 6.5 Axes
 + Level 4.6 Armour
 + Level 1.4 Dodging
 + Level 4.6 Shields


You had 6 spell levels left.
You didn't know any spells.
Your spell library was empty.

Dungeon Overview and Level Annotations

Branches:
Dungeon (4/15)             Temple (1/1) D:4

Altars:
Ashenzari
Cheibriados
Dithmenos
Elyvilon
Fedhas
Gozag
Hepliaklqana
Kikubaaqudgha
Makhleb
Nemelex Xobeh
Okawaru
Qazlal
Sif Muna
Trog
Uskayaw
Vehumet
Wu Jian
Zin
The Shining One

Annotations:
D:2 1 runed translucent door, Crazy Yiuf
D:3 Sigmund


Innate Abilities, Weirdness & Mutations

You cannot be hasted, slowed, berserked, paralysed or teleported.
You can dig through walls and to a lower floor.
You have a pair of large antennae on your head. (SInv)
Your four strong arms can wield two-handed weapons with a shield.


Message History

The gnoll sergeant is lightly wounded.
The gnoll sergeant hits you but does no damage.
You block the gnoll sergeant's attack. The gnoll sergeant blocks your attack.
The gnoll sergeant is lightly wounded.
The gnoll sergeant hits you with a +0 trident!
Your skin crawls.
You feel strong-willed. You block the gnoll sergeant's attack.
You completely miss the gnoll sergeant.
The gnoll sergeant is lightly wounded.
The gnoll sergeant barely misses you. The gnoll sergeant blocks your attack.
The gnoll sergeant is lightly wounded.
The gnoll sergeant hits you with a +0 trident!
The gnoll sergeant blocks your attack.
The gnoll sergeant is lightly wounded.
You feel the effects of Trog's Hand fading.
The gnoll sergeant hits you with a +0 trident.
The gnoll sergeant barely misses you.
You closely miss the gnoll sergeant.
The gnoll sergeant is lightly wounded.
The gnoll sergeant hits you with a +0 trident.
The gnoll sergeant blocks your attack.
The gnoll sergeant is lightly wounded.
The gnoll sergeant closely misses you.
You closely miss the gnoll sergeant.
The gnoll sergeant is lightly wounded.
You block the gnoll sergeant's attack.
The gnoll sergeant hits you with a +0 trident!
* * * LOW HITPOINT WARNING * * *
The gnoll sergeant blocks your attack.
The gnoll sergeant is lightly wounded.
Your skin stops crawling.
You feel less strong-willed.
The gnoll sergeant hits you with a +0 trident!
* * * LOW HITPOINT WARNING * * *
The gnoll sergeant blocks your attack.
The gnoll sergeant is lightly wounded.
The gnoll sergeant hits you with a +0 trident!
You die...

.. ##(. #... #..#
##... #..# #....
#..# #.... ### #..#
#.... ##@# #..#
#.... #g## #..#
#.... ##{# #..#
#.... #{##
#..#####.... ##.#
###.......††..
#.####.............
##.................
###..#..........#.
####g............#


You could see a gnoll sergeant.

Vanquished Creatures
  Grinder (D:3)
  A phantom (D:2)
  A wyvern skeleton (D:3)
  A water moccasin skeleton (D:2)
  A hound (D:3)
  An iguana (D:4)
  Natasha (D:3)
  A gnoll (D:4)
  10 adders
  2 worms (D:3)
  4 dart slugs
  3 orcs
  9 endoplasms
  2 giant cockroaches
  7 goblins
  11 hobgoblins
  A jackal (D:2)
  5 quokkas
  6 ball pythons
  7 bats
  7 frilled lizards
  10 kobolds
  7 rats
99 creatures vanquished.

Notes
Turn   | Place    | Note
-------+----------+-------------------------------------------
     0 | D:1      | Banquo the Formicid Fighter began the quest for the Orb.
     0 | D:1      | Reached XP level 1. HP: 18/18 MP: 1/1
   199 | D:1      | Reached XP level 2. HP: 24/24 MP: 2/2
   444 | D:1      | Reached XP level 3. HP: 27/29 MP: 3/3
   472 | D:1      | Found a faded altar of an unknown god.
   472 | D:1      | Noticed a hellwing
   480 | D:1      | Became a worshipper of Trog the Wrathful
   480 | D:1      | Reached * piety under Trog
  1380 | D:2      | Reached skill level 3 in Axes
  1380 | D:2      | Reached XP level 4. HP: 37/37 MP: 4/4
  1407 | D:2      | Reached ** piety under Trog
  1724 | D:2      | Reached XP level 5. HP: 32/42 MP: 5/5
  1808 | D:2      | Reached skill level 4 in Axes
  1994 | D:2      | Noticed a phantom
  2013 | D:2      | Killed a phantom
  2014 | D:2      | Reached skill level 1 in Dodging
  2014 | D:2      | Reached XP level 6. HP: 19/48 MP: 6/6
  2765 | D:2      | Found a runed translucent door.
  2766 | D:2      | Noticed Crazy Yiuf
  3090 | D:3      | Noticed Sigmund
  3231 | D:3      | Reached skill level 5 in Axes
  3289 | D:3      | Noticed Grinder
  3351 | D:3      | Killed Grinder
  3352 | D:3      | Reached XP level 7. HP: 35/54 MP: 7/7
  3821 | D:3      | Reached skill level 6 in Axes
  3923 | D:3      | Noticed Natasha
  3928 | D:3      | Killed Natasha
  4302 | D:4      | Found a staircase to the Ecumenical Temple.
  4312 | Temple   | Entered the Ecumenical Temple
  4639 | D:4      | Reached *** piety under Trog
  4920 | D:4      | HP: 2/54 [gnoll sergeant (13)]
  4921 | D:4      | Slain by a gnoll sergeant

Illustrated notes

Levels and vault maps discovered:
D:1:      onia_arrival_mini_maze_b, layout_rooms,
          dreamdust_ecumenical_altar_sealed_demon
D:2:      minmay_chambers_of_ones, layout_loops_ring, minmay_circle_x,
          uniq_crazy_yiuf_cottage
D:3:      minmay_door_path, layout_loops_cross, uniq_grinder, uniq_sigmund,
          uniq_natasha
D:4:      layout_cave_pods, temple_doors_e, nicolae_underground_beach
Temple:   regret_index_temple_mists

Skill      XL: |  1  2  3  4  5  6  7 |
---------------+----------------------+-----
Axes           | 3 4 5 6 |  6.5
Armour         | 4 |  4.6
Shields        | 4 |  4.6
Dodging        | 1 |  1.4
Fighting       | 4 |  4.2

Action                   |  1- 3 |  4- 6 |  7- 9 || total
-------------------------+-------+-------+-------++-------
Melee: War axe           |    78 |   157 |    95 ||   330
Invok: Trog's Hand       |       |     1 |     1 ||     2
 Abil: Dig               |       |     3 |     7 ||    10
  Use: Scroll            |       |     5 |     2 ||     7
Armor: Scale mail        |    50 |    59 |    30 ||   139
Dodge: Dodged            |    23 |    51 |    30 ||   104
Block: Kite shield       |    41 |    70 |    52 ||   163
